 Dungeon Crawl Stone Soup version 0.30-a0-918-g0ff054e9dc (webtiles) character file.

Game seed: 17172491937432875306

9544 dialectric the Protected (level 11, 0/71 HPs)
             Began as a Gargoyle Fighter on Mar 20, 2023.
             Was a Priest of Qazlal.
             Slain by a white ugly thing (30 damage)
             ... on level 10 of the Dungeon.
             The game lasted 00:14:14 (11549 turns).

dialectric the Protected (Gargoyle Fighter)        Turns: 11549, Time: 00:14:15

Health: 0/71       AC: 24    Str: 22    XL:     11   Next: 48%
Magic:  11/11      EV: 12    Int:  9    God:    Qazlal [***...]
Gold:   648        SH:  4    Dex: 17    Spells: 10/10 levels left

rFire   . . .      SeeInvis .    R - +4 long sword (freeze)
rCold   . . .      Faith    .    (no shield)
rNeg    + + .      Spirit   .    P - +4 ring mail
rPois   ∞          Reflect  .    q - +1 helmet
rElec   +          Rampage  .    t - +0 cloak
rCorr   .                        I - +0 pair of gloves
Will    .....                    (no boots)
Stlth   +                        G - amulet of regeneration
HPRegen 1.11/turn                l - ring "Nobrol" {rN+ Dex+6}
MPRegen 0.12/turn                M - +4 ring of slaying

@: studying Necromancy
A: sickness immunity, AC +8, negative energy resistance 1, electricity
resistance, torment resistance 1, petrification resistance
a: Renounce Religion, Upheaval, Elemental Force


You were on level 10 of the Dungeon.
You worshipped Qazlal.
Qazlal was most pleased with you.
You visited 2 branches of the dungeon, and saw 12 of its levels.
You also visited: Sewer.

You collected 648 gold pieces.

Inventory:

Hand Weapons
 f - a +2 dagger of venom
 r - a +4 dagger
 z - a +3 short sword of venom
 R - a +4 long sword of freezing (weapon)
Missiles
 g - 73 poisoned darts (quivered)
 v - 2 throwing nets
Armour
 c - a +0 buckler
 q - a +1 helmet (worn)
 t - a +0 cloak (worn)
 I - a +0 pair of gloves (worn)
 J - a +0 troll leather armour
 P - a +4 ring mail (worn)
Jewellery
 l - the ring "Nobrol" (left hand) {rN+ Dex+6}
   (You found it on level 2 of the Dungeon)

   [ring of dexterity]

   Dex:       It affects your dexterity (+6).
   rN:        It protects you from negative energy.
 D - a ring of willpower
 G - an amulet of regeneration (around neck)
 H - a +5 ring of evasion
 L - a ring of protection from fire
 M - a +4 ring of slaying (right hand)
 N - an amulet of the acrobat
 Q - a +5 ring of evasion
Wands
 i - a wand of acid (5)
Scrolls
 d - 4 scrolls of teleportation
 e - 8 scrolls of identify
 k - 3 scrolls of enchant armour
 u - 4 scrolls of blinking
 x - a scroll of poison
 y - a scroll of enchant weapon {unknown}
 B - 4 scrolls of noise {unknown}
 C - 4 scrolls of immolation {unknown}
 F - 2 scrolls of magic mapping
 O - a scroll of fear
Potions
 a - a potion of might
 b - a potion of berserk rage
 h - 2 potions of brilliance
 m - 4 potions of curing
 n - a potion of invisibility {unknown}
 o - 2 potions of mutation {unknown}
 p - 3 potions of cancellation {unknown}
 s - 3 potions of lignification {unknown}
 w - a potion of magic {unknown}
 A - a potion of attraction
 E - a potion of haste


   Skills:
 * Level 9.3 Fighting
 + Level 8.5(9.9) Short Blades
 * Level 7.8(9.5) Long Blades
 + Level 0.8 Throwing
 + Level 10.1 Armour
 + Level 3.3 Dodging
 - Level 0.3 Stealth
 - Level 3.2 Shields


You had 10 spell levels left.
You didn't know any spells.
Your spell library contained the following spells:

 Spells                   Type           Power      Damage    Failure   Level
 Sandblast                Erth           0%         2d4       52%         1
 Lesser Beckoning         Tloc           0%         N/A       65%         2
 Passwall                 Tmut/Erth      0%         N/A       65%         2
 Gell's Gravitas          Tloc           0%         N/A       87%         3
 Stone Arrow              Conj/Erth      0%         3d7       87%         3
 Teleport Other           Tloc           0%         N/A       87%         3
 Blade Hands              Tmut           0%         N/A       100%        5
 Irradiate                Conj/Tmut      0%         3d11      100%        5
 Dragon Form              Tmut           0%         N/A       100%        7


Dungeon Overview and Level Annotations

Branches:
Dungeon (11/15)            Temple (1/1) D:6            Lair (0/5) D:10
  Sewer (visited)
    Orc: D:9-12

Altars:
Ashenzari
Cheibriados
Dithmenos
Elyvilon
Fedhas
Gozag
Hepliaklqana
Kikubaaqudgha
Makhleb
Nemelex Xobeh
Okawaru
Qazlal
Ru
Sif Muna
Trog
Uskayaw
Vehumet
Wu Jian
Xom
Yredelemnul
Zin
The Shining One

Shops:
D:2 (

Annotations:
D:9 4 runed translucent doors
D:10 3 runed translucent doors, pokeman's ghost, journeyman DEHW


Innate Abilities, Weirdness & Mutations

You are immune to sickness and miasma.
Your stone body is resilient. (AC +8)
You are immune to poison.
You resist negative energy. (rN+)
You are resistant to electric shocks. (rElec)
You are resistant to unholy torment.
You are immune to petrification.


Message History

There is a stone staircase leading down here.
HP restored.
You climb downwards.
The white ugly thing claws you. The white ugly thing freezes you!
The howler monkey is engulfed in freezing vapours.
The howler monkey hits you.
There is a stone staircase leading up, spattered with blood here.
Things that are here:
a +0 robe; a +1 dagger of flaming; an orc corpse Unknown command.
You hear an angry hiss.
The howler monkey is engulfed in freezing vapours.
The howler monkey barely misses you.
The white ugly thing is engulfed in freezing vapours.
The white ugly thing claws you. The white ugly thing freezes you!!
* * * LOW HITPOINT WARNING * * *
The howler monkey is engulfed in freezing vapours.
You kill the howler monkey!
Qazlal accepts your kill.
You climb upwards.
Level annotation: 3 runed translucent doors, pokeman's ghost, journeyman DEHW
There is a stone staircase leading down here.
Unknown command.
Unknown command.
The white ugly thing attacks as you move away!
The white ugly thing claws you but does no damage. x2
The white ugly thing attacks as you move away!
The white ugly thing claws you but does no damage.
The white ugly thing attacks as you move away!
The white ugly thing claws you but does no damage.
The white ugly thing is engulfed in blazing flames.
There is an open door here.
The white ugly thing attacks as you move away!
The white ugly thing claws you but does no damage.
The white ugly thing attacks as you move away!
The white ugly thing claws you but does no damage.
You see here a +0 robe.
The white ugly thing attacks as you move away!
The white ugly thing claws you. The white ugly thing freezes you!!
You die...

#..........# #>.###.#
####'####### #####..# #..## ##.##
##..## ##..# ## ##..# #..##
.########'### ###.##########
.##.........# #.......(....#
.##.........#####............#
..#(..>.....#..u@§...........###
#.'.........'.###..............##
###.........### #............#...
#####'##### ####.############
#.### #......# # #...# ######.##
###.#### #..# #....# ##)#
#########.### ######'###


You could see a white ugly thing.

Vanquished Creatures
  A two-headed ogre (D:8)
  Pikel (D:7)
  An ugly thing (D:10)
  2 cyclopes (D:7)
  An unseen horror (D:10)
  A troll (D:9)
  2 hornets (D:9)
  Grinder (Sewer)
  A shadow (D:9)
  A vampire (D:9)
  A wyvern (D:9)
  11 yaks
  2 steam dragons
  2 orc warriors (D:10)
  4 ice beasts
  3 sky beasts
  2 black bears
  An ogre (D:6)
  A centaur (D:9)
  2 phantoms
  5 kobold brigands
  4 scorpions
  3 bullfrogs
  A gnoll sergeant (D:9)
  13 wights
  4 killer bees (D:7)
  2 howler monkeys
  4 hounds
  3 orc priests
  4 jellies
  A sleepcap (D:5)
  3 iguanas (D:5)
  7 orc wizards
  Robin (D:1)
  7 gnolls
  4 adders
  4 shadow imps (Sewer)
  A white imp (D:7)
  4 ufetubi
  An adder zombie (Sewer)
  3 worms
  6 dart slugs
  23 orcs
  8 ball pythons
  6 bats
  9 endoplasms
  4 giant cockroaches
  17 goblins
  8 hobgoblins
  2 jackals (D:2)
  6 quokkas
  2 frilled lizards
  43 kobolds
  A kobold zombie (Sewer)
  8 rats
263 creatures vanquished.

Vanquished Creatures (others)
  A plant (D:2)
1 creature vanquished.

Grand Total: 264 creatures vanquished

Notes
Turn   | Place    | Note
-------+----------+-------------------------------------------
     0 | D:1      | dialectric the Gargoyle Fighter began the quest for the
                  | Orb.
     0 | D:1      | Reached XP level 1. HP: 14/14 MP: 1/1
   127 | D:1      | Reached XP level 2. HP: 15/19 MP: 2/2
   698 | D:1      | Reached XP level 3. HP: 24/24 MP: 3/3
   958 | D:2      | Noticed Robin
  1008 | D:1      | Killed Robin
  1044 | D:2      | Reached XP level 4. HP: 29/29 MP: 4/4
  1085 | D:2      | Identified the ring "Nobrol" {rN+ Dex+6}
  1091 | D:2      | Reached skill level 1 in Dodging
  1120 | D:2      | Reached skill level 1 in Short Blades
  1125 | D:2      | Found Fuofea Uddo's Antique Weapon Emporium.
  1513 | D:3      | Found a faded altar of an unknown god.
  1779 | D:3      | Found a snail-covered altar of Cheibriados.
  2204 | D:3      | Found a shadowy altar of Dithmenos.
  2860 | D:4      | Reached XP level 5. HP: 26/33 MP: 5/5
  2936 | D:4      | Reached skill level 4 in Armour
  3083 | D:4      | Noticed a phantom
  3106 | D:4      | Killed a phantom
  3107 | D:4      | Reached XP level 6. HP: 35/39 MP: 6/6
  3531 | D:5      | Entered Level 5 of the Dungeon
  3598 | D:5      | Found a glowing drain.
  3679 | Sewer    | Entered a sewer
  3822 | Sewer    | Reached XP level 7. HP: 20/44 MP: 7/7
  3917 | Sewer    | Found an ancient bone altar of Kikubaaqudgha.
  3921 | Sewer    | Noticed Grinder
  3926 | Sewer    | Paralysed by Grinder for 2 turns
  3972 | Sewer    | Killed Grinder
  3977 | Sewer    | Reached skill level 5 in Armour
  4324 | D:5      | Reached skill level 5 in Fighting
  4360 | D:5      | Reached XP level 8. HP: 41/49 MP: 8/8
  4814 | D:5      | Reached skill level 5 in Short Blades
  4911 | D:5      | Reached skill level 6 in Armour
  5365 | D:6      | Found a radiant altar of Vehumet.
  5812 | D:6      | Reached skill level 7 in Armour
  5812 | D:6      | Reached XP level 9. HP: 42/55 MP: 9/9
  6129 | D:6      | Found a staircase to the Ecumenical Temple.
  6168 | Temple   | Entered the Ecumenical Temple
  6177 | Temple   | Became a worshipper of Qazlal Stormbringer
  6966 | D:7      | Reached skill level 5 in Long Blades
  6976 | D:7      | Reached * piety under Qazlal
  7147 | D:7      | Noticed a cyclops
  7154 | D:7      | Noticed a cyclops
  7346 | D:8      | Noticed a two-headed ogre
  7700 | D:7      | Killed a cyclops
  7701 | D:7      | Reached skill level 8 in Armour
  7701 | D:7      | Reached XP level 10. HP: 43/61 MP: 10/10
  7978 | D:7      | Noticed Pikel
  7996 | D:7      | Killed Pikel
  8207 | D:7      | Killed a cyclops
  8741 | D:8      | Reached skill level 9 in Armour
  8786 | D:8      | Reached ** piety under Qazlal
  8908 | D:8      | Killed a two-headed ogre
 10191 | D:9      | Reached XP level 11. HP: 69/69 MP: 11/11
 10203 | D:9      | Found an ornate altar of the Wu Jian Council.
 10354 | D:9      | Found a runed translucent door.
 10419 | D:10     | Entered Level 10 of the Dungeon
 10582 | D:9      | Found a runed translucent door.
 10602 | D:9      | Found a runed translucent door.
 10668 | D:9      | Reached skill level 10 in Armour
 10696 | D:9      | Found a runed translucent door.
 10910 | D:10     | Found a runed translucent gate.
 10910 | D:10     | Found a runed translucent gate.
 10910 | D:10     | Found a runed translucent gate.
 10911 | D:10     | Noticed pokeman's ghost (journeyman DEHW)
 11322 | D:10     | Reached *** piety under Qazlal
 11418 | D:10     | Found a staircase to the Lair.
 11510 | D:11     | Noticed a brown ugly thing
 11515 | D:11     | Noticed a white ugly thing
 11532 | D:10     | Killed a brown ugly thing
 11549 | D:10     | Slain by a white ugly thing

Illustrated notes

Levels and vault maps discovered:
D:1:      dpeg_arrival_rooms_with_view, layout_basic, serial_forest,
          infiniplex_forest_clump_double, infiniplex_forest_corner_2,
          infiniplex_forest_lined_room_2, infiniplex_forest_zigzag_2,
          infiniplex_forest_clump_medium, infiniplex_forest_lined_corner,
          infiniplex_forest_straight_4, infiniplex_forest_lined_2,
          infiniplex_forest_straight_2
D:2:      layout_basic, serial_shops, nicolae_shop_overgrown_old_shop,
          uniq_robin
D:3:      layout_basic, nicolae_dithmenos_the_darkroom,
          mainiacjoe_overflow_small_starburst,
          shapermc_ecumenical_altar_acropolis
D:4:      layout_loops_corners
D:5:      layout_gridville, portal_sewer_entry_e
D:6:      layout_basic, mainiacjoe_overflow_six_doors_small,
          minmay_temple_entry_glassed_door
D:7:      layout_basic, minmay_manual_monolith, uniq_pikel
D:8:      layout_rooms, kennysheep_cross_room
D:9:      layout_rooms, nzn_wu_jian_contemplation, minmay_statue_crystal_thing
D:10:     layout_roguey, lair_entry_dummy, ebering_ghost_rock_garden
D:11:     layout_rooms, fedhas_altar_3, uniq_urug
Temple:   nicolae_temple_no_exploring_needed

Skill      XL: |  1  2  3  4  5  6  7  8  9 10 11 |
---------------+----------------------------------+-----
Long Blades    | 2 3 6 7 |  7.8
Fighting       | 4 5 6 8 9 |  9.3
Dodging        | 1 2 3 |  3.3
Short Blades   | 2 3 4 5 6 8 |  8.5
Armour         | 4 5 7 8 9 10 | 10.1
Throwing       | |  0.8
Stealth        | |  0.3
Shields        | |  3.2

Action                     |  1- 3 |  4- 6 |  7- 9 | 10-12 || total
---------------------------+-------+-------+-------+-------++-------
  Melee: Long sword        |    34 |       |    73 |    64 ||   171
         Dagger            |    94 |   249 |   334 |    51 ||   728
         Punch             |     1 |     2 |     3 |     9 ||    15
         Short sword       |       |       |   109 |   309 ||   418
  Throw: Dart              |       |       |     4 |       ||     4
    Use: Scroll            |       |     1 |     7 |     3 ||    11
         Potion            |       |       |     7 |     2 ||     9
 Armour: Scale mail        |    64 |   119 |   258 |   141 ||   582
         Ring mail         |       |       |       |    91 ||    91
  Dodge: Dodged            |    65 |   134 |   294 |   181 ||   674
  Block: Other             |       |       |     6 |    34 ||    40

Table legend: (Time is in decaauts)
 A = Elapsed time spent in this place.
 B = Non-inter-level travel time spent in this place.
 C = Inter-level travel time spent in this place.
 D = Time resting spent in this place.
 E = Time spent auto-exploring this place.
 F = Levels seen in this place.
 G = Mean time per level.
                   A        B        C        D        E       F      G
               +--------+--------+--------+--------+--------+-----+--------+
         Total |  11271 |  10645 |    626 |    509 |   7698 |  13 |  867.0 |
       Dungeon |  10652 |  10035 |    617 |    479 |   7331 |  11 |  968.4 |
        Temple |     18 |      9 |      9 |      0 |      0 |   1 |   18.0 |
         Sewer |    599 |    599 |      0 |     30 |    367 |   1 |  599.0 |
               +--------+--------+--------+--------+--------+-----+--------+

Top non-repeatable levels by time:
     D:7: 1654 daAuts
     D:6: 1497 daAuts
     D:8: 1445 daAuts
     D:3: 1169 daAuts
     D:5: 1004 daAuts
     D:1: 896 daAuts
     D:4: 853 daAuts
     D:9: 806 daAuts
    D:10: 707 daAuts
   Sewer: 599 daAuts
     D:2: 596 daAuts
    D:11: 20 daAuts
  Temple: 18 daAuts
